 Dungeon Crawl Stone Soup version 0.28-a0-1038-g9c4cb8273d (webtiles) character file.

Game seed: 14991278444209510968

35 Turgor the Gusty (level 3, -2/14 HPs)
             Began as a Felid Air Elementalist on Dec 8, 2021.
             Slain by a hobgoblin (4 damage)
             ... on level 3 of the Dungeon.
             The game lasted 00:08:48 (1152 turns).

Turgor the Gusty (Felid Air Elementalist)           Turns: 1152, Time: 00:08:49

Health: -2/14      AC:  1    Str:  4    XL:     3   Next: 17%
Magic:  1/7        EV: 17    Int: 18    God:
Gold:   10         SH:  0    Dex: 16    Spells: 4/7 levels left
                                        Lives:  0   Deaths: 0

rFire   . . .      SeeInvis +   (weapon unavailable)
rCold   . . .      Faith    .   (shield unavailable)
rNeg    . . .      Spirit   .   (armour unavailable)
rPois   .          Reflect  .   (helmet unavailable)
rElec   .          Harm     .   (cloak unavailable)
rCorr   .          Rampage  .   (gloves unavailable)
Will    .....                   (boots unavailable)
Stlth   ++........              (no amulet)
HPRegen 0.04/turn               (no ring)
MPRegen 0.10/turn               (no ring)

@: quick
A: very small, claws 1, fangs 3, see invisible, speed 1, shaggy fur 1, stealthy
paws, no weapons or thrown items, no armour, multi-lived
a: no special abilities


You were on level 3 of the Dungeon.
You visited 1 branch of the dungeon, and saw 3 of its levels.

You collected 10 gold pieces.

Inventory:

Scrolls
 d - 2 scrolls of fog
Potions
 a - a potion of flight
 e - a potion of haste {unknown}


   Skills:
 - Level 2.6 Dodging
 - Level 2.6 Stealth
 + Level 2.5 Spellcasting
 + Level 1.8 Conjurations
 + Level 3.1 Air Magic


You had 4 spell levels left.
You knew the following spells:

 Your Spells              Type           Power      Damage    Failure   Level
a - Shock                 Conj/Air       44%        1d5       6%          1
b - Static Discharge      Conj/Air       11%        N/A       10%         2

Your spell library contained the following spells:

 Spells                   Type           Power      Damage    Failure   Level
 Swiftness                Air            13%        N/A       14%         3
 Animate Skeleton         Necr           4%         N/A       17%         1
 Apportation              Tloc           4%         N/A       17%         1
 Slow                     Hex            8%         N/A       17%         1
 Summon Small Mammal      Summ           8%         N/A       17%         1
 Ensorcelled Hibernation  Hex/Ice        4%         N/A       26%         2
 Dazzling Flash           Conj/Hex       10%        N/A       34%         3
 Airstrike                Air            6%         N/A       43%         4
 Confusing Touch          Hex            2%         N/A       45%         3
 Spider Form              Tmut/Pois      2%         N/A       45%         3
 Iskenderun's Mystic Bla  Conj/Tloc      5%         2d3       75%         4
 Yara's Violent Unravell  Hex/Tmut       1%         3d3       99%         5
 Starburst                Conj/Fire      2%         6d3       100%        6


Dungeon Overview and Level Annotations

Branches:
Dungeon (2/15)

Altars:


Innate Abilities, Weirdness & Mutations

You have sharp claws.
You have razor-sharp teeth.
You have supernaturally acute eyesight. (SInv)
You cover ground quickly. (Speed+)
You are covered in fur. (AC +1)
Your paws help you pounce on unaware monsters.
You are incapable of wielding weapons or throwing items.
You cannot wear armour.
You gain extra lives every three experience levels.


Message History

A kobold comes into view. It is wielding a +0 club.
The kobold shouts!
You scratch the goblin.
The goblin is almost dead.
You hear a shout!
The goblin misses you. The goblin closely misses you.
Your magical contamination has completely faded away.
Casting: Shock (safe; 6% risk of failure)
Confirm with . or Enter, or press ? or * to list all spells.
Aiming: Shock (safe; 6% risk of failure)
Press: ? - help, Shift-Dir - straight line, f - adder
Aim: an adder (heavily wounded, 48% to hit)
The zap misses the goblin.
The zap hits the adder.
The adder is severely wounded.
The goblin hits you with a +0 club.
Unknown command.
You see here a rat corpse.
A hobgoblin and a dart slug come into view.
A hobgoblin comes into view.
Found a pair of boots.
You scratch the hobgoblin but do no damage.
The hobgoblin completely misses you. The hobgoblin closely misses you.
You barely miss the hobgoblin. The hobgoblin closely misses you.
The hobgoblin hits you.
You scratch the hobgoblin but do no damage.
The hobgoblin misses you. The hobgoblin hits you.
You scratch the hobgoblin but do no damage.
The hobgoblin hits you.
* * * LOW HITPOINT WARNING * * *
The hobgoblin misses you.
You scratch the hobgoblin. You bite the hobgoblin.
The hobgoblin is severely wounded.
The hobgoblin misses you. x2
You barely miss the hobgoblin.
The hobgoblin is severely wounded.
The hobgoblin hits you.
* * * LOW HITPOINT WARNING * * *
The hobgoblin hits you.
You die...

#####....#
#...#K...#
#.#K..#..#
#..###S..#
#.###. #†#.#
+..w.w+##.S.#
'##gS.#..# .
#g#....# .
#@####.# #g#
.# #.. .#
.'## .# .#[
.. # .# ..


You could see an adder, a dart slug, 2 hobgoblins and a goblin.

Vanquished Creatures
  An adder (D:3)
  2 dart slugs (D:1)
  A bat (D:1)
  An endoplasm (D:1)
  A giant cockroach (D:1)
  5 goblins (D:1)
  3 hobgoblins
  A quokka (D:1)
  4 ball pythons
  A frilled lizard (D:1)
  2 rats
22 creatures vanquished.

Notes
Turn   | Place    | Note
-------+----------+-------------------------------------------
     0 | D:1      | Turgor the Felid Air Elementalist began the quest for the
                  | Orb.
     0 | D:1      | Reached XP level 1. HP: 7/7 MP: 4/4
    72 | D:1      | Reached skill level 1 in Conjurations
   343 | D:1      | Reached XP level 2. HP: 11/11 MP: 1/6
   563 | D:1      | Reached skill level 3 in Air Magic
  1067 | D:1      | Learned a level 2 spell: Static Discharge
  1096 | D:2      | You fall into a shaft and drop 1 floor!
  1134 | D:3      | Reached XP level 3. HP: 14/14 MP: 1/7
  1152 | D:3      | Slain by a hobgoblin

Illustrated notes

Levels and vault maps discovered:
D:1:      dpeg_arrival_connections, layout_rooms, minmay_misc_feat_encased,
          minmay_misc_feat_x, eino_curves_03
D:2:      layout_loops_corners, serial_glass, glass_columns_a, glass_columns_b,
          uniq_natasha, uniq_sigmund
D:3:      layout_loops_ring, tgw_xom, marbit_many_paths,
          minmay_fractal_squares_diagonal_5

Skill      XL: |  1  2 |
---------------+-------+-----
Conjurations   | 1 |  1.8
Air Magic      | 3 |  3.1
Dodging        | |  2.6
Stealth        | |  2.6
Spellcasting   | |  2.5

Action                   || total
-------------------------++-------
Melee: Unarmed           ||     9
       Bite              ||     1
 Cast: Shock             ||    56
  Use: Scroll            ||     3
Dodge: Dodged            ||    15

Table legend: (Time is in decaauts)
 A = Elapsed time spent in this place.
 B = Non-inter-level travel time spent in this place.
 C = Inter-level travel time spent in this place.
 D = Time resting spent in this place.
 E = Time spent auto-exploring this place.
 F = Levels seen in this place.
 G = Mean time per level.
                   A        B        C        D        E       F      G
               +--------+--------+--------+--------+--------+-----+--------+
         Total |   1033 |   1021 |     12 |    221 |    578 |   3 |  344.3 |
       Dungeon |   1033 |   1021 |     12 |    221 |    578 |   3 |  344.3 |
               +--------+--------+--------+--------+--------+-----+--------+

Top non-repeatable levels by time:
     D:1: 957 daAuts
     D:3: 51 daAuts
     D:2: 24 daAuts
